 Dungeon Crawl Stone Soup version 0.25-a0-51-gc466198 (webtiles) character file.

Game seed: 10409309477473240799, levelgen mode: deterministic

41231 BoppinsLewinski the Cleaver (level 13, -10/174 HPs)
             Began as a Grey Draconian Fighter on Oct 25, 2019.
             Was an Elder of Trog.
             Mangled by varamyr's ghost (32 damage)
             ... on level 6 of the Lair of Beasts.
             The game lasted 00:50:30 (20401 turns).

BoppinsLewinski the Cleaver (DrFi)                 Turns: 20401, Time: 00:50:31

Health: -10/174    AC: 17    Str: 27    XL:     13   Next: 78%
Magic:  19/19      EV: 18    Int:  9    God:    Trog [****..]
Gold:   1001       SH:  0    Dex: 12    Spells: 12/12 levels left

rFire    . . .     SeeInvis .   x - +4 broad axe (flame)
rCold    . . .     Gourm    .   (no shield)
rNeg     . . .     Faith    .   (armour unavailable)
rPois    .         Spirit   .   (helmet restricted)
rElec    .         Reflect  .   j - +1 cloak
rCorr    +         Harm     .   H - +1 pair of gloves
MR       ++...     Rnd*Rage +   (no boots) Stlth ..........Rnd*Tele +
                                (no amulet)
HPRegen  1.39/turn              o - +1 ring of evasion
MPRegen  0.16/turn              z - ring of resist corrosion

@: berserking (expiring), regenerating, very quick
A: walk through water, unfitting armour, stinger 1, berserk 1, teleportitis 1,
unbreathing, cold-blooded, AC +13
a: Berserk, Trog's Hand, Brothers in Arms, Renounce Religion


You were on level 6 of the Lair of Beasts.
You worshipped Trog.
Trog was greatly pleased with you.
You were near starving.

You visited 2 branches of the dungeon, and saw 15 of its levels.
You also visited: Ossuary and Volcano.

You collected 1001 gold pieces.

Inventory:

Hand Weapons
 w - a +5 dire flail
 x - a +4 broad axe of flaming (weapon)
Missiles
 B - 7 boomerangs (quivered)
 D - 7 silver javelins
Armour
 j - a +1 cloak (worn)
 H - a +1 pair of gloves (worn)
Jewellery
 o - a +1 ring of evasion (left hand)
 z - a ring of resist corrosion (right hand)
 J - an uncursed ring of protection from fire
Wands
 b - a wand of enslavement (6)
 k - a wand of polymorph (16)
 E - a wand of random effects (38)
 F - a wand of iceblast (4)
Scrolls
 a - a scroll of silence
 f - 6 scrolls of teleportation
 i - 11 scrolls of remove curse
 q - 4 scrolls of enchant armour
 s - 2 scrolls of blinking
 t - 4 scrolls of identify
 u - 2 scrolls of immolation
 v - 2 scrolls of enchant weapon
 y - a scroll of fog
 G - 3 scrolls of magic mapping
Potions
 e - 2 potions of lignification
 g - a potion of heal wounds
 l - a potion of magic
 m - 4 potions of haste
 n - 5 potions of curing
 p - 3 potions of flight
 r - 3 potions of resistance
 K - a potion of ambrosia
Miscellaneous
 c - a lightning rod (4/4)
 A - a box of beasts
Comestibles
 d - 25 rations


   Skills:
 + Level 11.4 Fighting
 * Level 14.0 Axes
 + Level 9.3 Throwing
 + Level 9.7 Dodging
   Level 3.0 Shields
 + Level 9.3 Evocations


You had 12 spell levels left.
You didn't know any spells.
Your spell library was empty.

Dungeon Overview and Level Annotations

Branches:
Dungeon (9/15)             Temple (0/1) D:4            Lair (6/6) D:9
 Shoals (0/4) Lair:3       Spider (0/4) Lair:4        Slime (0/5) Lair:5
    Orc (0/2) D:9         Ossuary (visited)         Volcano (visited)

Altars:
Ashenzari
Dithmenos
Elyvilon
Gozag
Kikubaaqudgha
Makhleb
Nemelex Xobeh
Sif Muna
Trog
Vehumet
Wu Jian
Jiyva

Annotations:
Lair:6 varamyr's ghost, journeyman MiBe


Innate Abilities, Weirdness & Mutations

You can walk through water.
Your dull iron-grey scales are very hard. (AC +13)
You cannot fit into any form of body armour.
You can survive without breathing.
You are cold-blooded and may be slowed by cold attacks.
Your tail ends in a poisonous barb.
You tend to lose your temper in combat.
You are occasionally teleported next to monsters.


Message History

Trog accepts yer kill.
Ye slash varamyr's ghost!
Ye burn varamyr's ghost.
Varamyr's ghost be heavily damaged.
Varamyr's ghost barely misses ye.
Ye slice varamyr's ghost!!
Ye burn varamyr's ghost!
Varamyr's ghost be severely damaged.
Ye slash tha komodo dragon simulacrum!
Ye melt tha komodo dragon simulacrum.
Ye barely miss varamyr's ghost.
Varamyr's ghost be severely damaged.
Ye slash tha komodo dragon simulacrum!
Ye melt tha komodo dragon simulacrum.
Tha komodo dragon simulacrum vapourises!
Trog accepts yer kill.
Varamyr's ghost hits ye!!
* * * LOW HITPOINT WARNIN'
* * * Ye hit varamyr's ghost but do nay damage.
Varamyr's ghost be severely damaged.
Ye slash tha rime drake!
Ye burn tha rime drake.
Tha rime drake be 'ngulfed in freezin' vapours.
Tha rime drake barely misses ye.
Varamyr's ghost hits ye!!
Ye die...

#......................
#................(.....
#..........Z......#....
##.P.....#...........#.
##..####.##.....###...#
##P..# ####....###.....
#....#######............
#...)..#k#..............
#P.....@WZZ.............
###...#.##Z.P...........
#..###.###............
#.## #####............
#..# ##.#..#.##......
##..####.##...####.....
#........#.............
#...........≈≈≈≈.......
##......P...≈≈≈≈.......


You could see a rime drake, varamyr's ghost, a komodo dragon simulacrum, a death
yak simulacrum and a spiny frog simulacrum.

Vanquished Creatures
  A red draconian (Volcano)
  7 hydras
  Harold (D:7)
  A catoblepas (Lair:6)
  A two-headed ogre (D:9)
  A deep troll shaman (Lair:6)
  6 death yaks (Lair:6)
  A salamander mystic (Volcano)
  An orb spider (Lair:4)
  4 salamanders (Volcano)
  14 elephants
  A black mamba (Lair:4)
  4 spiny frogs
  6 komodo dragons
  2 rime drakes
  A polar bear (Lair:6)
  16 blink frogs
  5 hippogriffs
  A snapping turtle (Lair:3)
  A human (D:9)
  A wyvern (Lair:4)
  38 yaks
  4 basilisks
  An orc warrior (D:8)
  8 water moccasins
  9 porcupines
  2 black bears
  4 ogres
  4 ice beasts
  2 sky beasts
  A necrophage (D:7)
  A black mamba simulacrum (Lair:6)
  5 wolves (Lair:6)
  2 centaurs
  15 crocodiles
  A big kobold (D:7)
  6 bullfrogs
  A spiny frog simulacrum (Lair:6)
  4 scorpions
  17 wights
  A howler monkey (D:8)
  4 crimson imps
  2 jellies
  A komodo dragon simulacrum (Lair:6)
  A centaur skeleton (D:8)
  7 hounds
  An orc priest (D:7)
  A bullfrog skeleton (D:8)
  3 orc wizards
  Crazy Yiuf (D:2)
  An iguana (D:4)
  4 worker ants
  A big kobold zombie (Ossuary)
  A hound skeleton (D:4)
  4 mummies (Ossuary)
  Robin (D:2)
  2 worker ant zombies
  6 adders
  A howler monkey skeleton (D:8)
  3 oozes
  2 adder zombies (Ossuary)
  2 adder skeletons
  A worm (D:5)
  2 dart slugs
  4 leopard geckos
  19 orcs
  4 bats
  10 giant cockroaches
  13 goblins
  5 hobgoblins
  9 jackals
  9 quokkas
  A ball python skeleton (D:4)
  3 frilled lizards
  2 gnoll zombies (Ossuary)
  4 hobgoblin zombies (Ossuary)
  2 jackal zombies
  11 kobolds
  6 rats
  2 rat zombies (Ossuary)
  A fungus (Lair:6)
  2 plants (Lair:6)
361 creatures vanquished.

Vanquished Creatures (collateral kills)
  A dire elephant (Lair:6)
  A hydra (Lair:6)
  A wolf (Lair:6)
3 creatures vanquished.

Vanquished Creatures (others)
  A komodo dragon (Lair:6)
  A wolf (Lair:6)
  9 fungi
  7 plants
18 creatures vanquished.

Grand Total: 382 creatures vanquished

Notes
Turn   | Place    | Note
-------+----------+-------------------------------------------
     0 | D:1      | BoppinsLewinski the Draconian Fighter began the quest for
                  | the Orb.
     0 | D:1      | Reached XP level 1. HP: 19/19 MP: 1/1
   203 | D:1      | Reached XP level 2. HP: 10/26 MP: 2/2
  1248 | D:2      | Found a runed translucent door.
  1249 | D:2      | Noticed Crazy Yiuf
  1255 | D:2      | Killed Crazy Yiuf
  1255 | D:2      | Reached skill level 1 in Throwing
  1255 | D:2      | Reached XP level 3. HP: 3/33 MP: 3/3
  1563 | D:2      | Reached skill level 3 in Axes
  1568 | D:2      | Noticed Robin
  1580 | D:2      | Killed Robin
  1591 | D:2      | Reached XP level 4. HP: 22/40 MP: 4/4
  1605 | D:2      | Found a white marble altar of Elyvilon.
  1609 | D:2      | Found a shadowy altar of Dithmenos.
  1630 | D:2      | Found an opulent altar of Gozag.
  1663 | D:2      | Noticed an ogre
  1673 | D:2      | Killed an ogre
  1673 | D:2      | Reached XP level 5. HP: 18/46 MP: 5/5
  2051 | D:2      | Found a bloodstained altar of Trog.
  2051 | D:2      | Found an ornate altar of the Wu Jian Council.
  2054 | D:2      | Found a shattered altar of Ashenzari.
  2058 | D:2      | Became a worshipper of Trog the Wrathful
  2999 | D:4      | Reached * piety under Trog
  2999 | D:4      | Reached skill level 4 in Axes
  2999 | D:4      | Reached XP level 6. HP: 35/53 MP: 6/6
  3181 | D:4      | Found a staircase to the Ecumenical Temple.
  4021 | D:4      | Found a sparkling altar of Nemelex Xobeh.
  4314 | D:4      | Reached skill level 5 in Axes
  4314 | D:4      | Your scales start taking on a dull iron-grey colour.
  4314 | D:4      | Reached XP level 7. HP: 42/60 MP: 7/7
  4314 | D:4      | Gained mutation: You can survive without breathing. [Grey
                  | Draconian growth]
  4849 | D:5      | Entered Level 5 of the Dungeon
  5017 | D:5      | Found a shimmering blue altar of Sif Muna.
  5032 | D:5      | Reached skill level 5 in Fighting
  5113 | D:5      | Found a radiant altar of Vehumet.
  5113 | D:5      | Found a burning altar of Makhleb.
  5362 | D:5      | Identified the Tome of Creative Fire
  5375 | D:5      | Reached ** piety under Trog
  5865 | D:6      | Found a shadowy altar of Dithmenos.
  6036 | D:6      | Reached skill level 6 in Axes
  6037 | D:6      | Reached XP level 8. HP: 68/69 MP: 8/8
  6303 | D:7      | Found a sand-covered staircase.
  6312 | Ossuary  | Entered an ossuary
  6591 | Ossuary  | Gained mutation: You are occasionally teleported next to
                  | monsters. [potion of mutation]
  6591 | Ossuary  | Gained mutation: You are weak. (Str -2) [potion of
                  | mutation]
  6591 | Ossuary  | Gained mutation: You have large cloven feet. [potion of
                  | mutation]
  6592 | Ossuary  | Lost mutation: You are weak. (Str -2) [potion of mutation]
  6592 | Ossuary  | Lost mutation: You have large cloven feet. [potion of
                  | mutation]
  6592 | Ossuary  | Gained mutation: You tend to lose your temper in combat.
                  | [potion of mutation]
  6592 | Ossuary  | Gained mutation: Your tail ends in a poisonous barb.
                  | [potion of mutation]
  6615 | D:7      | Reached skill level 1 in Evocations
  6731 | D:7      | Noticed a hippogriff
  6742 | D:7      | Killed a hippogriff
  6742 | D:7      | Reached skill level 7 in Axes
  6742 | D:7      | Reached skill level 5 in Dodging
  6743 | D:7      | Reached *** piety under Trog
  6873 | D:7      | Reached XP level 9. HP: 62/78 MP: 10/10
  6907 | D:7      | Noticed Harold
  6922 | D:7      | Killed Harold
  6922 | D:7      | Reached skill level 8 in Axes
  6942 | D:7      | Reached skill level 5 in Throwing
  8075 | D:8      | Received a gift from Trog
  8429 | D:8      | Reached skill level 9 in Axes
  8737 | D:9      | Noticed a two-headed ogre
  8742 | D:9      | Killed a two-headed ogre
  8742 | D:9      | Reached XP level 10. HP: 88/88 MP: 13/13
  8752 | D:9      | Found a staircase to the Orcish Mines.
  9292 | D:9      | Found an ancient bone altar of Kikubaaqudgha.
 10135 | D:9      | Found a staircase to the Lair.
 10388 | Lair:1   | Entered Level 1 of the Lair of Beasts
 10391 | Lair:1   | Noticed a spiny frog
 10402 | Lair:1   | Killed a spiny frog
 10402 | Lair:1   | Reached skill level 5 in Evocations
 11070 | Lair:1   | Reached skill level 10 in Axes
 11779 | Lair:2   | Noticed an eight-headed hydra
 11821 | Lair:2   | Killed an eight-headed hydra
 11821 | Lair:2   | Reached XP level 11. HP: 19/95 MP: 15/15
 11831 | Lair:2   | Reached **** piety under Trog
 11831 | Lair:2   | Received a gift from Trog
 12209 | Lair:2   | Noticed a seven-headed hydra
 12217 | Lair:2   | Killed a seven-headed hydra
 12398 | Lair:2   | Noticed a five-headed hydra
 12404 | Lair:2   | Killed a five-headed hydra
 12419 | Lair:2   | Noticed a six-headed hydra
 12427 | Lair:2   | Killed a six-headed hydra
 12427 | Lair:2   | Reached skill level 11 in Axes
 14512 | Lair:3   | Found a staircase to the Shoals.
 14728 | Lair:4   | Reached XP level 12. HP: 106/106 MP: 17/17
 14735 | Lair:4   | Found a hole to the Spider Nest.
 14797 | Lair:4   | Noticed an eight-headed hydra
 14815 | Lair:4   | Killed an eight-headed hydra
 14865 | Lair:4   | Reached skill level 12 in Axes
 14948 | Lair:4   | Reached skill level 10 in Fighting
 15405 | Lair:4   | Noticed an eight-headed hydra
 15420 | Lair:4   | Killed an eight-headed hydra
 16333 | Lair:5   | Found a staircase to the Slime Pits.
 16333 | Lair:5   | Found a viscous altar of Jiyva.
 16433 | Lair:5   | Found a dark tunnel.
 16438 | Volcano  | Entered a volcano
 16814 | Volcano  | Noticed a red draconian
 16825 | Volcano  | Killed a red draconian
 16825 | Volcano  | Received a gift from Trog
 16883 | Volcano  | HP: 4/160 [salamander (15)]
 17747 | Lair:6   | Entered Level 6 of the Lair of Beasts
 17747 | Lair:6   | Noticed a four-headed hydra
 17755 | Lair:6   | Killed a two-headed hydra
 17762 | Lair:6   | Reached skill level 13 in Axes
 17765 | Lair:6   | Reached XP level 13. HP: 114/114 MP: 19/19
 17954 | Lair:6   | Found a runed translucent gate.
 17961 | Lair:6   | Found a runed translucent gate.
 17968 | Lair:6   | Found a runed translucent gate.
 19347 | Lair:6   | Noticed varamyr's ghost (journeyman MiBe)
 19662 | Lair:6   | Reached ***** piety under Trog
 20075 | Lair:6   | Noticed a dire elephant
 20101 | Lair:6   | Killed a dire elephant
 20101 | Lair:6   | Reached skill level 14 in Axes
 20401 | Lair:6   | Mangled by varamyr's ghost

Levels and vault maps discovered:
D:1:      dpeg_arrival_boxes_within_box, layout_basic
D:2:      layout_loops_ring, gammafunk_temple_overflow_statue,
          nicolae_overflow_crystal_walls, grunt_temple_overflow_open,
          uniq_crazy_yiuf_cottage, uniq_robin
D:3:      layout_basic
D:4:      layout_loops_corners, kennysheep_little_box,
          minmay_temple_entry_nine_rooms, first_ration
D:5:      layout_basic, kennysheep_mini_moat,
          grunt_temple_overflow_lords_of_destruction
D:6:      layout_rooms, nicolae_dithmenos_shadow_blocks
D:7:      layout_rooms, nicolae_ossuary_entry_ruins, uniq_harold
D:8:      layout_basic
D:9:      layout_stronghold, lair_entry_dummy, orc_0_dummy, basic_altar,
          grunt_pizzeria
Lair:1:   layout_long_grid, lemuel_fruit_tree
Lair:2:   layout_small_grid, grunt_megastairs_1
Lair:3:   layout_gridlike, minmay_shoals_entry_hut
Lair:4:   layout_cave_pods, nicolae_spider_entry_orb_guardian
Lair:5:   layout_hall_layers, slime_altar_1, enter_volcano_4
Lair:6:   grunt_lair_end_beastmaster, layout_gridlike, gammafunk_ghost_icy,
          patterned_corridor

Skill      XL: |  1  2  3  4  5  6  7  8  9 10 11 12 13 |
---------------+----------------------------------------+-----
Throwing       | 1 2 3 4 5 6 7 8 9 |  9.3
Dodging        | 3 4 5 6 7 8 9 |  9.7
Axes           | 3 4 5 6 7 9 10 11 13 14 | 14.0
Fighting       | 4 5 6 7 8 9 10 11 | 11.4
Evocations     | 2 4 5 7 8 9 |  9.3
Shields        | |  3.0

Action                   |  1- 3 |  4- 6 |  7- 9 | 10-12 | 13-15 || total
-------------------------+-------+-------+-------+-------+-------++-------
Melee: War axe           |    69 |   174 |   329 |   356 |       ||   928
       Tailslap          |     2 |    12 |    42 |    88 |    56 ||   200
       Dire flail        |       |       |       |    99 |       ||    99
       Broad axe         |       |       |       |    13 |   217 ||   230
Throw: Boomerang         |       |       |       |    58 |    10 ||    68
       Javelin           |       |       |       |     2 |       ||     2
Invok: Berserk           |       |     1 |     6 |     6 |     4 ||    17
       Trog's Hand       |       |       |     1 |     7 |     1 ||     9
Evoke: Wand              |       |       |     6 |    32 |     2 ||    40
       Box of beasts     |       |       |       |       |     1 ||     1
  Use: Potion            |     2 |     2 |     4 |     7 |     1 ||    16
       Scroll            |       |       |    16 |     6 |     7 ||    29
 Stab: Sleeping          |     1 |       |     2 |       |       ||     3
       Petrifying        |       |       |       |       |     2 ||     2
       Petrified         |       |       |       |       |     1 ||     1
  Eat: Chunk             |     2 |     4 |    12 |    28 |     3 ||    49
       Ration            |       |     2 |     2 |     3 |     2 ||     9
Armor: Skin              |    17 |    53 |   119 |   137 |    73 ||   399
Dodge: Dodged            |    47 |   136 |   252 |   362 |   172 ||   969

Table legend:
 A = Non-vault XP
 B = Vault XP
 C = Vault XP percentage of total XP
 D = Non-vault monster count
 E = Vault monster count
 F = Vault count percentage of total count
                 A         B        C        D         E       F
            +---------+---------+-------+---------+---------+-------
      Total |   41077 |   17825 |  30.3 |     296 |      65 |  18.0
            +---------+---------+-------+---------+---------+-------
        D:1 |      31 |       0 |   0.0 |      16 |       0 |   0.0
        D:2 |     156 |      73 |  31.9 |      13 |      13 |  50.0
        D:3 |      27 |       0 |   0.0 |      16 |       0 |   0.0
        D:4 |     473 |       0 |   0.0 |      20 |       0 |   0.0
        D:5 |      84 |      46 |  35.4 |      11 |       1 |   8.3
        D:6 |     639 |       0 |   0.0 |      11 |       0 |   0.0
        D:7 |    1763 |    1002 |  36.2 |      37 |       1 |   2.6
        D:8 |    1035 |       0 |   0.0 |      22 |       0 |   0.0
        D:9 |    2323 |     217 |   8.5 |      24 |       1 |   4.0
     Lair:1 |    1767 |       0 |   0.0 |       9 |       0 |   0.0
     Lair:2 |    6636 |     254 |   3.7 |      18 |       2 |  10.0
     Lair:3 |    4913 |     247 |   4.8 |      22 |       1 |   4.3
     Lair:4 |    7639 |     575 |   7.0 |      23 |       1 |   4.2
     Lair:5 |    2380 |       0 |   0.0 |      13 |       0 |   0.0
     Lair:6 |   11211 |   11102 |  49.8 |      41 |      23 |  35.9
    Ossuary |       0 |     117 | 100.0 |       0 |      16 | 100.0
    Volcano |       0 |    4192 | 100.0 |       0 |       6 | 100.0
            +---------+---------+-------+---------+---------+-------
